3093 views
Uploaded 2020-04-02 04:22:10
Game version 1.32.2
29:20 long 1on1 custom game on (4)losttemple
Game name "2"
Saved by Fingon
3093 views
Uploaded 2020-04-02 04:22:10
Game version 1.32.2
29:20 long 1on1 custom game on (4)losttemple
Game name "2"

96 units @ 10.2k
/ 0.6k
67 buildings @ 5.6k
/ 3.2k



| Lesser Clarity Potion | 2 | 140 |
| Scroll of Regeneration | 2 | 200 |
| Staff of Sanctuary | 2 | 500 |
| Potion of Healing | 1 | 150 |
| Scroll of Town Portal | 5 | 1750 |
| Scroll of Healing | 4 | 1000 |
| Dust of Appearance | 3 | 225 |
| Potion of Lesser Invulnerability | 4 | 600 |
| Scroll of Protection | 2 | 300 |
| Staff of Teleportation | 1 | 150 |
| total: | 26 | 5015g |
| Peasant | 66 | 4950 | / | 0 |
| Footman | 11 | 1485 | / | 0 |
| Dragonhawk Rider | 19 | 3800 | / | 570 |
| total: | 96 | 10235g | / | 570w |
| Scout Tower | 41 | 1230 | / | 820 |
| Arcane Tower | 5 | 350 | / | 250 |
| Guard Tower | 18 | 1260 | / | 900 |
| Altar of Kings | 1 | 180 | / | 50 |
| Farm | 8 | 640 | / | 160 |
| Barracks | 1 | 160 | / | 60 |
| Lumber Mill | 2 | 240 | / | 0 |
| Town Hall | 5 | 1925 | / | 1025 |
| Arcane Vault | 1 | 130 | / | 30 |
| Blacksmith | 1 | 140 | / | 60 |
| Gryphon Aviary | 6 | 840 | / | 900 |
| Arcane Sanctum | 1 | 150 | / | 140 |
| Keep | 1 | 320 | / | 210 |
| Castle | 1 | 360 | / | 210 |
| total: | 67 | 5635g | / | 3245w |
| 0:01 | Peasant |
| 0:01 | Peasant |
| 0:07 | Altar of Kings |
| 0:17 | Farm |
| 0:21 | Barracks |
| 0:30 | Peasant |
| 0:41 | Peasant |
| 0:50 | Peasant |
| 0:55 | Farm |
| 0:58 | Peasant |
| 1:09 | Peasant |
| 1:23 | Footman |
| 1:29 | Farm |
| 1:36 | Scout Tower |
| 1:39 | Peasant |
| 1:46 | Footman |
| 1:50 | Peasant |
| 2:01 | Peasant |
| 2:04 | Summon Water Elemental |
| 2:12 | Footman |
| 2:24 | Peasant |
| 2:39 | Peasant |
| 2:40 | Footman |
| 2:47 | Scout Tower |
| 2:49 | Brilliance Aura |
| 2:54 | Farm |
| 3:06 | Lumber Mill |
| 3:12 | Scout Tower |
| 3:13 | Arcane Tower |
| 3:18 | Peasant |
| 3:40 | Footman |
| 3:59 | Footman |
| 4:24 | Guard Tower |
| 4:27 | Peasant |
| 4:42 | Town Hall |
| 4:55 | Peasant |
| 5:20 | Peasant |
| 5:34 | Summon Water Elemental |
| 5:50 | Peasant |
| 5:50 | Peasant |
| 5:52 | Peasant |
| 5:52 | Peasant |
| 5:53 | Peasant |
| 5:55 | Farm |
| 5:59 | Footman |
| 6:00 | Arcane Tower |
| 6:06 | Peasant |
| 6:07 | Scout Tower |
| 6:11 | Scout Tower |
| 6:12 | Peasant |
| 7:01 | Keep |
| 7:03 | Guard Tower |
| 7:04 | Scout Tower |
| 7:05 | Peasant |
| 7:05 | Peasant |
| 7:06 | Guard Tower |
| 7:07 | Scout Tower |
| 7:08 | Improved Masonry |
| 7:09 | Scout Tower |
| 7:09 | Scout Tower |
| 7:15 | Footman |
| 7:18 | Scout Tower |
| 7:20 | Peasant |
| 7:20 | Peasant |
| 7:21 | Scout Tower |
| 7:22 | Farm |
| 7:23 | Farm |
| 7:28 | Scout Tower |
| 7:34 | Guard Tower |
| 7:35 | Peasant |
| 7:38 | Arcane Vault |
| 8:04 | Footman |
| 8:20 | Guard Tower |
| 8:35 | Footman |
| 8:35 | Footman |
| 8:37 | Guard Tower |
| 8:38 | Scout Tower |
| 8:39 | Scout Tower |
| 8:42 | Farm |
| 8:48 | Blacksmith |
| 9:27 | Castle |
| 9:30 | Peasant |
| 9:42 | Lesser Clarity Potion |
| 9:42 | Scroll of Regeneration |
| 9:43 | Scroll of Town Portal |
| 9:54 | Scroll of Town Portal |
| 10:07 | Defend |
| 10:16 | Iron Forged Swords |
| 10:18 | Improved Lumber Harvesting |
| 10:42 | Gryphon Aviary |
| 10:46 | Brilliance Aura |
| 11:03 | Advanced Masonry |
| 11:15 | Gryphon Aviary |
| 11:18 | Scout Tower |
| 11:18 | Scout Tower |
| 11:19 | Scout Tower |
| 11:19 | Scout Tower |
| 11:20 | Scout Tower |
| 11:39 | Storm Bolt |
| 11:53 | Town Hall |
| 12:00 | Peasant |
| 12:00 | Peasant |
| 12:02 | Peasant |
| 12:07 | Arcane Tower |
| 12:33 | Guard Tower |
| 12:37 | Advanced Lumber Harvesting |
| 12:51 | Peasant |
| 12:51 | Peasant |
| 12:55 | Scroll of Healing |
| 12:59 | Dust of Appearance |
| 13:00 | Scroll of Town Portal |
| 13:06 | Steel Forged Swords |
| 13:27 | Peasant |
| 13:27 | Peasant |
| 13:29 | Peasant |
| 13:29 | Peasant |
| 13:31 | Peasant |
| 13:31 | Peasant |
| 13:31 | Peasant |
| 13:32 | Scout Tower |
| 13:33 | Scout Tower |
| 13:43 | Gryphon Aviary |
| 13:45 | Sundering Blades |
| 13:46 | Animal War Training |
| 13:52 | Peasant |
| 13:53 | Imbued Masonry |
| 13:55 | Scroll of Healing |
| 13:56 | Potion of Lesser Invulnerability |
| 14:02 | Guard Tower |
| 14:44 | Town Hall |
| 14:54 | Studded Leather Armor |
| 14:58 | Thunder Clap |
| 15:29 | Gryphon Aviary |
| 15:38 | Guard Tower |
| 15:55 | Dragonhawk Rider |
| 15:57 | Cloud |
| 15:59 | Reinforced Leather Armor |
| 16:04 | Scout Tower |
| 16:04 | Scout Tower |
| 16:20 | Scroll of Regeneration |
| 16:21 | Lesser Clarity Potion |
| 16:22 | Staff of Sanctuary |
| 16:26 | Potion of Healing |
| 16:30 | Dragonhawk Rider |
| 16:32 | Dragonhawk Rider |
| 16:53 | Guard Tower |
| 17:00 | Dragonhawk Rider |
| 17:15 | Scout Tower |
| 17:15 | Scout Tower |
| 17:16 | Scout Tower |
| 17:16 | Scout Tower |
| 17:17 | Scout Tower |
| 17:17 | Scout Tower |
| 17:18 | Scout Tower |
| 17:21 | Dragonhawk Rider |
| 17:30 | Scout Tower |
| 17:31 | Scout Tower |
| 17:31 | Scout Tower |
| 17:38 | Devotion Aura |
| 17:46 | Guard Tower |
| 17:55 | Guard Tower |
| 18:11 | Town Hall |
| 18:16 | Arcane Tower |
| 18:25 | Guard Tower |
| 18:29 | Peasant |
| 19:02 | Dragonhawk Rider |
| 19:32 | Scout Tower |
| 19:32 | Scout Tower |
| 19:33 | Scout Tower |
| 19:33 | Scout Tower |
| 19:34 | Scout Tower |
| 19:40 | Scout Tower |
| 19:53 | Mithril Forged Swords |
| 19:53 | Dragonhide Armor |
| 20:06 | Gryphon Aviary |
| 20:16 | Peasant |
| 20:16 | Peasant |
| 20:16 | Peasant |
| 20:31 | Dragonhawk Rider |
| 20:31 | Dragonhawk Rider |
| 20:42 | Peasant |
| 20:42 | Peasant |
| 20:42 | Peasant |
| 20:44 | Peasant |
| 20:44 | Peasant |
| 21:01 | Dragonhawk Rider |
| 21:14 | Peasant |
| 21:18 | Scroll of Town Portal |
| 21:20 | Scroll of Protection |
| 21:47 | Gryphon Aviary |
| 22:09 | Scout Tower |
| 22:11 | Town Hall |
| 22:43 | Dragonhawk Rider |
| 22:43 | Dragonhawk Rider |
| 23:11 | Guard Tower |
| 23:12 | Dragonhawk Rider |
| 23:19 | Dragonhawk Rider |
| 23:29 | Dragonhawk Rider |
| 24:15 | Dragonhawk Rider |
| 24:22 | Peasant |
| 24:33 | Staff of Sanctuary |
| 24:43 | Staff of Teleportation |
| 24:45 | Scroll of Protection |
| 24:47 | Scroll of Healing |
| 25:01 | Dragonhawk Rider |
| 25:17 | Dragonhawk Rider |
| 26:02 | Storm Bolt |
| 26:08 | Dragonhawk Rider |
| 26:19 | Holy Light |
| 26:21 | Summon Water Elemental |
| 26:30 | Dragonhawk Rider |
| 26:38 | Potion of Lesser Invulnerability |
| 26:43 | Dust of Appearance |
| 26:43 | Dust of Appearance |
| 26:53 | Peasant |
| 26:53 | Peasant |
| 26:54 | Peasant |
| 26:54 | Peasant |
| 26:54 | Peasant |
| 26:54 | Peasant |
| 27:00 | Holy Light |
| 27:23 | Arcane Sanctum |
| 27:49 | Peasant |
| 27:49 | Peasant |
| 27:49 | Peasant |
| 27:50 | Peasant |
| 27:50 | Peasant |
| 27:52 | Lumber Mill |
| 27:56 | Thunder Clap |
| 28:21 | Scout Tower |
| 28:24 | Peasant |
| 28:24 | Peasant |
| 28:32 | Scroll of Healing |
| 28:36 | Scroll of Town Portal |
| 28:46 | Potion of Lesser Invulnerability |
| 28:46 | Potion of Lesser Invulnerability |
| Right click | 2350 |
| Select group | 1426 |
| Select | 702 |
| Misc. action | 342 |
| Build/train/purchase | 333 |
| Use ability | 150 |
| Assign group | 102 |
| Chat | 69 |
| Esc | 6 |
| Item give/drop | 4 |
57 units @ 8.7k
/ 1.4k
39 buildings @ 6.1k
/ 3.3k


| Healing Salve | 3 | 300 |
| Scroll of Speed | 3 | 150 |
| Orb of Lightning | 1 | 375 |
| Lesser Clarity Potion | 3 | 210 |
| Potion of Mana | 1 | 200 |
| Scroll of Healing | 3 | 750 |
| Scroll of Town Portal | 6 | 2100 |
| Potion of Lesser Invulnerability | 1 | 150 |
| total: | 21 | 4235g |
| Peon | 20 | 1500 | / | 0 |
| Grunt | 4 | 800 | / | 0 |
| Wind Rider | 9 | 2385 | / | 360 |
| Troll Batrider | 23 | 3680 | / | 920 |
| Goblin Shredder | 1 | 375 | / | 100 |
| total: | 57 | 8740g | / | 1380w |
| Watch Tower | 20 | 2200 | / | 1600 |
| Altar of Storms | 1 | 180 | / | 50 |
| Orc Burrow | 7 | 1120 | / | 280 |
| Barracks | 1 | 180 | / | 50 |
| Voodoo Lounge | 1 | 130 | / | 30 |
| Great Hall | 4 | 1540 | / | 740 |
| War Mill | 1 | 205 | / | 0 |
| Beastiary | 3 | 435 | / | 420 |
| Spirit Lodge | 1 | 150 | / | 150 |
| Stronghold | 1 | 315 | / | 190 |
| Fortress | 1 | 325 | / | 190 |
| total: | 39 | 6140g | / | 3320w |
| 0:01 | Peon |
| 0:02 | Peon |
| 0:08 | Altar of Storms |
| 0:19 | Orc Burrow |
| 0:31 | Peon |
| 0:34 | Barracks |
| 0:47 | Peon |
| 0:55 | Peon |
| 1:00 | Peon |
| 1:28 | Orc Burrow |
| 1:35 | Grunt |
| 1:50 | Peon |
| 2:06 | Wind Walk |
| 2:22 | Grunt |
| 2:48 | Stronghold |
| 3:09 | Grunt |
| 4:27 | Grunt |
| 4:45 | Voodoo Lounge |
| 5:14 | Critical Strike |
| 5:17 | Great Hall |
| 5:27 | Orc Burrow |
| 5:43 | War Mill |
| 5:48 | Beastiary |
| 5:51 | Beastiary |
| 5:55 | Healing Salve |
| 5:55 | Healing Salve |
| 5:55 | Scroll of Speed |
| 7:01 | Wind Walk |
| 7:03 | Wind Rider |
| 7:31 | Reinforced Defenses |
| 7:34 | Peon |
| 8:17 | Hex |
| 8:42 | Watch Tower |
| 8:43 | Watch Tower |
| 8:44 | Watch Tower |
| 8:50 | Wind Rider |
| 9:01 | Peon |
| 9:01 | Peon |
| 9:01 | Peon |
| 9:05 | Peon |
| 9:14 | Orc Burrow |
| 10:06 | Critical Strike |
| 10:15 | Peon |
| 10:15 | Peon |
| 10:22 | Watch Tower |
| 10:33 | Peon |
| 10:45 | Healing Wave |
| 10:49 | Troll Batrider |
| 10:53 | Orc Burrow |
| 11:12 | Fortress |
| 11:26 | Potion of Lesser Invulnerability |
| 11:27 | Scroll of Healing |
| 11:28 | Scroll of Town Portal |
| 11:34 | Watch Tower |
| 11:47 | Troll Batrider |
| 12:01 | Watch Tower |
| 12:37 | Watch Tower |
| 12:47 | Troll Batrider |
| 12:48 | Troll Batrider |
| 12:50 | Scroll of Town Portal |
| 13:00 | Healing Wave |
| 13:04 | Orc Burrow |
| 13:25 | Steel Ranged Weapons |
| 13:36 | Spirit Lodge |
| 14:04 | Orb of Lightning |
| 14:12 | Great Hall |
| 14:25 | Watch Tower |
| 14:37 | Great Hall |
| 14:47 | Critical Strike |
| 14:48 | Wind Rider |
| 15:22 | Envenomed Spears |
| 15:51 | Wind Rider |
| 16:05 | Watch Tower |
| 16:10 | Wind Rider |
| 16:25 | Hex |
| 16:54 | Orc Burrow |
| 16:57 | Goblin Shredder |
| 17:17 | Thorium Ranged Weapons |
| 18:00 | Peon |
| 18:01 | Peon |
| 18:01 | Peon |
| 18:01 | Peon |
| 18:22 | Watch Tower |
| 18:27 | Troll Batrider |
| 18:27 | Troll Batrider |
| 18:33 | Arcanite Ranged Weapons |
| 19:38 | Peon |
| 20:20 | Watch Tower |
| 20:29 | Scroll of Town Portal |
| 20:37 | Healing Wave |
| 20:53 | Troll Batrider |
| 20:53 | Troll Batrider |
| 20:53 | Troll Batrider |
| 20:57 | Lesser Clarity Potion |
| 20:58 | Scroll of Town Portal |
| 21:01 | Scroll of Town Portal |
| 21:02 | Scroll of Speed |
| 21:16 | Troll Batrider |
| 21:22 | Watch Tower |
| 21:35 | Watch Tower |
| 21:36 | Watch Tower |
| 21:39 | Watch Tower |
| 21:40 | Watch Tower |
| 22:09 | Watch Tower |
| 22:43 | Troll Batrider |
| 22:47 | Bladestorm |
| 23:01 | Troll Batrider |
| 23:32 | Great Hall |
| 23:34 | Big Bad Voodoo |
| 24:15 | Watch Tower |
| 24:20 | Watch Tower |
| 24:28 | Troll Batrider |
| 24:28 | Troll Batrider |
| 25:04 | Wind Walk |
| 25:13 | Troll Batrider |
| 25:26 | Troll Batrider |
| 25:28 | Wind Rider |
| 25:50 | Scroll of Healing |
| 26:10 | Scroll of Healing |
| 26:45 | Wind Rider |
| 26:45 | Wind Rider |
| 27:12 | Lesser Clarity Potion |
| 27:13 | Healing Salve |
| 27:17 | Wind Rider |
| 27:21 | Troll Batrider |
| 27:25 | Troll Batrider |
| 27:25 | Troll Batrider |
| 27:32 | Beastiary |
| 27:38 | Troll Batrider |
| 27:42 | Lesser Clarity Potion |
| 27:44 | Scroll of Town Portal |
| 27:44 | Potion of Mana |
| 27:48 | Scroll of Speed |
| 28:04 | Troll Batrider |
| 28:04 | Troll Batrider |
| 28:06 | Liquid Fire |
| 28:39 | Troll Batrider |
| 28:57 | Watch Tower |
| Right click | 2185 |
| Select group | 1965 |
| Select | 772 |
| Misc. action | 491 |
| Assign group | 149 |
| Build/train/purchase | 141 |
| Use ability | 133 |
| Chat | 80 |
| Esc | 8 |
| Item give/drop | 6 |